 Dungeon Crawl Stone Soup version 0.29.1 (webtiles) character file.

Game seed: 3370095694248415703

127 CertainDeath the Ruffian (level 5, -1/46 HPs)
             Began as a Ghoul Monk on Sept 12, 2022.
             Slain by Menkaure (20 damage)
             ... on level 5 of the Dungeon.
             The game lasted 00:06:38 (3064 turns).

CertainDeath the Ruffian (Ghoul Monk)               Turns: 3064, Time: 00:06:38

Health: -1/46      AC:  7    Str: 15    XL:     5   Next: 11%
Magic:  6/6        EV: 11    Int: 13    God:
Gold:   214        SH:  0    Dex: 11    Spells: 6/6 levels left

rFire   . . .      SeeInvis .     - Unarmed
rCold   + . .      Faith    .   (no shield)
rNeg    + + +      Spirit   .   e - +0 ring mail
rPois   ∞          Reflect  .   g - +2 hat
rElec   .          Harm     .   (no cloak)
rCorr   .          Rampage  .   (no gloves)
Will    .....                   (no boots)
Stlth   +.........              (no amulet)
HPRegen 0.00/turn               h - +6 ring of intelligence
MPRegen 0.10/turn               (no ring)

@: inhibited regen
A: claws 1, cold resistance 1, negative energy resistance 3, inhibited
regeneration, torment resistance 2, devour on kill
a: no special abilities


You were on level 5 of the Dungeon.
You visited 1 branch of the dungeon, and saw 5 of its levels.

You collected 214 gold pieces.

Inventory:

Missiles
 i - 3 boomerangs (quivered)
 p - 5 poisoned darts
Armour
 e - a +0 ring mail (worn)
 g - a +2 hat (worn)
Jewellery
 h - a +6 ring of intelligence (left claw)
Wands
 q - a wand of paralysis (1)
Scrolls
 a - a scroll of poison {unknown}
 d - 2 scrolls of amnesia {unknown}
 f - 4 scrolls of identify {unknown}
 j - 3 scrolls of butterflies {unknown}
 m - a scroll of noise {unknown}
 n - a scroll of teleportation {unknown}
Potions
 b - a potion of ambrosia
 c - a potion of mutation {unknown}
 k - a potion of flight {unknown}
 l - 3 potions of curing {unknown}
 o - a potion of attraction {unknown}


   Skills:
 + Level 4.0 Fighting
 + Level 3.3 Dodging
 - Level 2.1 Stealth
 * Level 4.6 Unarmed Combat
 + Level 1.3 Spellcasting


You had 6 spell levels left.
You didn't know any spells.
Your spell library contained the following spells:

 Spells                   Type           Power      Damage    Failure   Level
 Summon Small Mammal      Summ           0%         N/A       47%         1
 Call Canine Familiar     Summ           0%         N/A       85%         3
 Summon Guardian Golem    Hex/Summ       0%         N/A       85%         3


Dungeon Overview and Level Annotations

Branches:
Dungeon (5/15)
 Temple: D:4-7

Altars:

Annotations:
D:5 Menkaure


Innate Abilities, Weirdness & Mutations

You are immune to poison.
You have sharp fingernails.
Your flesh is cold resistant. (rC+)
You are immune to negative energy. (rN+++)
You do not regenerate when monsters are visible.
You are immune to unholy pain and torment.
You thrive by killing the living.


Message History

There is a stone staircase leading down here.
You climb downwards.
There is a stone staircase leading up here.
Okay, then.
There is a stone staircase leading down here.
You climb downwards.
You hear the hiss of flowing sand.
There is an entrance to an ossuary on this level.
Hurry and find it before the portal is buried!
There is a stone staircase leading up here.
f - 4 scrolls labelled ARERAUZEOSCH (gained 1)
You open the door.
There is an open door here.
Menkaure, Prince of Dust comes into view.
Menkaure shouts!
Menkaure casts a spell.
Menkaure seems to speed up.
You scratch Menkaure.
Menkaure is lightly damaged.
Menkaure hits you.
You scratch Menkaure but do no damage.
Menkaure is lightly damaged.
Menkaure barely misses you. x2
You barely miss Menkaure.
Menkaure is lightly damaged.
Menkaure hits you but does no damage.
You barely miss Menkaure.
Menkaure is lightly damaged.
Menkaure gestures ominously.
Menkaure hits you.
You scratch Menkaure.
Menkaure is moderately damaged.
Menkaure closely misses you.
You scratch Menkaure but do no damage.
Menkaure is moderately damaged.
You hear the slow hiss of a very distant avalanche of sand.
Menkaure hits you!!
You scratch Menkaure.
Menkaure is moderately damaged.
Menkaure hits you!!
You die...

#.#######.#.##...######
#....<#...# #........#
###.#.#.#.#
##.#####.### #....#.#.#
#.......... ####....#.#
#####........
............#
#............
######.######
#............ ...#
#.#............ #####
#..@...........
.....##M...########
.... .....+ .## ....!.#
...##### .... .....
......


You could see Menkaure (fast).

Vanquished Creatures
  An orc wizard (D:4)
  4 adders
  A worm (D:2)
  6 dart slugs
  2 orcs (D:3)
  7 ball pythons
  3 bats
  2 endoplasms (D:1)
  A giant cockroach (D:3)
  3 goblins
  5 hobgoblins
  5 jackals (D:1)
  2 quokkas
  6 frilled lizards
  A kobold (D:3)
  3 rats
52 creatures vanquished.

Vanquished Creatures (others)
  A kobold (D:3)
1 creature vanquished.

Grand Total: 53 creatures vanquished

Notes
Turn   | Place    | Note
-------+----------+-------------------------------------------
     0 | D:1      | CertainDeath the Ghoul Monk began the quest for the Orb.
     0 | D:1      | Reached XP level 1. HP: 19/19 MP: 0/0
   217 | D:1      | Reached XP level 2. HP: 24/26 MP: 1/1
   714 | D:2      | Reached XP level 3. HP: 30/31 MP: 2/2
   864 | D:2      | Found a faded altar of an unknown god.
  1267 | D:2      | Reached skill level 1 in Spellcasting
  1268 | D:2      | Reached XP level 4. HP: 40/40 MP: 4/4
  2530 | D:4      | Reached XP level 5. HP: 7/46 MP: 5/5
  3013 | D:5      | Entered Level 5 of the Dungeon
  3053 | D:5      | Noticed Menkaure
  3064 | D:5      | Slain by Menkaure

Illustrated notes

Levels and vault maps discovered:
D:1:      minmay_arrival_jagged, layout_basic, minmay_misc_feat_doors
D:2:      layout_basic, ebering_ecumenical_altar_hall
D:3:      layout_loops_corners, eino_tiny_chamber, minivault_19,
          grunt_decor_fettered, lemuel_flame_loot_1
D:4:      layout_loops_ring, minmay_lizard_king, uniq_blork_the_orc
D:5:      layout_basic, nicolae_ossuary_entry_false_entrances, uniq_menkaure

Skill      XL: |  1  2  3  4 |
---------------+-------------+-----
Dodging        | 3 |  3.3
Unarmed Combat | 4 |  4.6
Spellcasting   | 1 |  1.3
Fighting       | 4 |  4.0
Stealth        | |  2.1

Action                   |  1- 3 |  4- 6 || total
-------------------------+-------+-------++-------
Melee: Unarmed           |    85 |    78 ||   163
       Punch             |     2 |     2 ||     4
 Stab: Sleeping          |       |     1 ||     1
Armor: Ring mail         |    24 |    29 ||    53
       Robe              |     3 |       ||     3
Dodge: Dodged            |    51 |    40 ||    91
